 Dungeon Crawl Stone Soup version 0.22-a0-825-ga28c36f (webtiles) character file.

16 riteheju the Sneak (level 2, -1/22 HPs)
             Began as a Demonspawn Assassin on July 24, 2018.
             Slain by an orc
             ... wielding a +0 flail
              (6 damage)
             ... on level 1 of the Dungeon.
             The game lasted 00:02:03 (790 turns).

riteheju the Sneak (Demonspawn Assassin)             Turns: 790, Time: 00:02:04

Health: -1/22      AC:  3    Str: 11    XL:     2   Next: 41%
Magic:  0/2        EV: 11    Int: 12    God:
Gold:   61         SH:  0    Dex: 14    Spells: 1/1 levels left

rFire    . . .     SeeInvis .   a - +2 dagger
rCold    . . .     Gourm    .   (no shield)
rNeg     . . .     Faith    .   c - +0 robe
rPois    .         Spirit   +   (no helmet)
rElec    .         Reflect  .   d - +0 cloak
rCorr    .         Harm     .   (no gloves)
MR       .....                  (no boots)
Stlth    +++.......             (no amulet)
HPRegen  0.07/turn              (no ring)
MPRegen  0.08/turn              (no ring)

@: no status effects
A: magic shield
a: no special abilities


You were on level 1 of the Dungeon.
You were not hungry.

You visited 1 branch of the dungeon, and saw 2 of its levels.

You collected 61 gold pieces.

Inventory:

Hand Weapons
 a - a +2 dagger (weapon)
 b - a +0 blowgun
Missiles
 e - 8 poisoned needles
 f - 2 curare-tipped needles
Armour
 c - a +0 robe (worn)
 d - a +0 cloak (worn)
Scrolls
 h - 2 scrolls of identify {unknown}
 l - a scroll of remove curse {unknown}
Potions
 i - a potion of heal wounds {unknown}
 j - 2 potions of degeneration {unknown}
 k - a potion of lignification {unknown}
 n - a potion of flight {unknown}
Comestibles
 g - 3 rations
 m - a chunk of flesh


   Skills:
 + Level 2.1 Fighting
 + Level 2.0 Short Blades
 + Level 1.7 Throwing
 + Level 0.8 Dodging
 + Level 4.1 Stealth


You had one spell level left.
You didn't know any spells.
Your spell library was empty.

Dungeon Overview and Level Annotations

Branches:
Dungeon (2/15)

Altars:


Innate Abilities, Weirdness & Mutations

When hurt, damage is shared between your health and your magic reserves.


Message History

The orc is severely wounded.
You hit the orc but do no damage.
The orc is severely wounded.
The orc hits you with a flail!
You are too injured to fight recklessly!
You are too injured to fight recklessly!
Things that are here:
a club; a hobgoblin corpse You see here 10 gold pieces.
An orc priest comes into view. It is wielding a hand axe.
The orc priest barely misses you.
The orc priest hits you with a hand axe.
There is a stone staircase leading up here.
The orc barely misses you.
The orc priest hits you with a hand axe.
* * * LOW HITPOINT WARNING * * *
You climb upwards.
There is a stone staircase leading down here.
You closely miss the orc priest. The orc hits you with a flail!
You die...

##.# #.# #... #.# #.#
#... #.# #.# #... #.##
####.# #... #..#########
######....# #...
##.........####.........#
#...
#..§§≈≈≈...##...≈≈≈≈...#
#...
#)§≈≈≈≈≈≈...o..≈≈≈≈≈≈..#
#...
#..≈§≈≈≈≈..<@..≈≈≈≈≈≈..#
####
#..≈≈≈≈≈≈....o.≈≈≈≈≈≈..#
#...§≈≈≈..####..≈≈≈≈...#
#...§....##
##........######
##.......#
#.###...##.....
######..##
##.#...####.....
#...####..#.#.# #.....
##...........#.####.....
#.........##.#..........


You could see an orc priest and an orc.

Vanquished Creatures
  5 hobgoblins
  A bat (D:1)
  3 goblins (D:1)
  4 kobolds (D:1)
  3 rats
16 creatures vanquished.

Notes
Turn   | Place    | Note
-------+----------+-------------------------------------------
     0 | D:1      | riteheju the Demonspawn Assassin began the quest for the Orb.
     0 | D:1      | Reached XP level 1. HP: 16/16 MP: 1/1
   243 | D:1      | Reached skill level 4 in Stealth
   246 | D:1      | Gained mutation: When hurt, damage is shared between your health and your magic reserves. [demonic ancestry]
   246 | D:1      | Reached XP level 2. HP: 16/22 MP: 2/2
   790 | D:1      | Slain by an orc

Vault maps used:
D:1:      dpeg_arrival_pits
D:2:      minmay_distorted

Skill      XL: |  1  2 |
---------------+-------+-----
Stealth        | 4 |  4.1
Short Blades   | 2 |  2.0
Fighting       | |  2.1
Throwing       | |  1.7
Dodging        | |  0.8

Action                   || total
-------------------------++-------
Melee: Dagger            ||    40
 Stab: Sleeping          ||     6
Armor: Robe              ||     2
Dodge: Dodged            ||    18

Table legend:
 A = Spawn XP
 B = Non-spawn XP
 C = Spawn XP percentage of total XP
 D = Spawn monster count
 E = Non-spawn monster count
 F = Spawn count percentage of total count
 G = Total turns spent on level
                    A         B        C        D         E        F      G
               +---------+---------+-------+---------+---------+-------+---------
         Total |       0 |      24 |   0.0 |       0 |      16 |   0.0 |   790
               +---------+---------+-------+---------+---------+-------+---------
           D:1 |       0 |      18 |   0.0 |       0 |      12 |   0.0 |   676
           D:2 |       0 |       6 |   0.0 |       0 |       4 |   0.0 |   114
               +---------+---------+-------+---------+---------+-------+---------
